 Dungeon Crawl Stone Soup version 0.31-a0-889-g1a8549509d (webtiles) character file.

Game seed: 8757839410248996830

373 Error4North the Conjurer (level 6, -7/46 HPs)
             Began as a Demigod Conjurer on Oct 16, 2023.
             Mangled by a two-headed ogre
             ... wielding a +0 giant club
              (35 damage)
             ... on level 5 of the Dungeon on Oct 17, 2023.
             The game lasted 00:23:03 (2449 turns).

Error4North the Conjurer (Demigod Conjurer)         Turns: 2449, Time: 00:23:04

Health: -7/46      AC:  4    Str:  8    XL:     6   Next: 19%
Magic:  12/12      EV: 13    Int: 24    God:
Gold:   147        SH:  0    Dex: 16    Spells: 1/9 levels left

rFire   + + .        c - staff of fire
rCold   . . .        (no shield)
rNeg    . . .        a - +0 robe
rPois   .            (no helmet)
rElec   .            g - +0 cloak
rCorr   .            f - +0 pair of gloves
SInv    .            (no boots)
Will    .....        (no amulet)
Stlth   +            l - ring of protection from fire
HPRegen 0.27/turn    (no ring)
MPRegen 0.13/turn

%: no passive effects
@: confused, ambrosia-drunk, very slightly contaminated
A: high MP 1, forlorn, divine attributes
a: no special abilities


You were on level 5 of the Dungeon.
You visited 1 branch of the dungeon, and saw 4 of its levels.

You collected 147 gold pieces.

Inventory:

Armour
 a - a +0 robe (worn)
 f - a +0 pair of gloves (worn)
 g - a +0 cloak (worn)
Magical Staves
 c - a staff of fire (weapon)
Jewellery
 l - a ring of protection from fire (left hand)
Wands
 o - a wand of charming (4)
Scrolls
 d - a scroll of brand weapon {unknown}
 h - 3 scrolls of identify {unknown}
 m - 2 scrolls of vulnerability {unknown}
 n - a scroll of noise {unknown}
 p - a scroll of fear {unknown}
Potions
 i - 3 potions of berserk rage {unknown}
 j - 2 potions of haste {unknown}
 k - a potion of curing {unknown}
 q - 2 potions of lignification {unknown}
 r - a potion of invisibility {unknown}


   Skills:
 * Level 0.9 Fighting
 * Level 1.8 Staves
 * Level 3.1 Dodging
 * Level 2.5 Stealth
 + Level 1.0 Unarmed Combat
 * Level 2.3 Spellcasting
 + Level 4.7 Conjurations
 * Level 1.2 Fire Magic
 * Level 1.3 Evocations


You had one spell level left.
You knew the following spells:

 Your Spells              Type           Power      Damage    Failure   Level
a - Magic Dart            Conj           100%       1d8       1%          1
b - Searing Ray           Conj           50%        2d6       2%          2
c - Lesser Beckoning      Tloc           4%         N/A       17%         2
d - Dazzling Flash        Conj/Hex       28%        N/A       13%         3

Your spell library contained the following spells:

 Spells                   Type           Power      Damage    Failure   Level
 Gell's Gravitas          Tloc           2%         N/A       34%         3
 Teleport Other           Tloc           2%         N/A       34%         3
 Fulminant Prism          Conj/Hex       7%         3d6       41%         4
 Iskenderun's Mystic Bla  Conj/Tloc      14%        2d5       41%         4


Dungeon Overview and Level Annotations

Branches:
Dungeon (3/15)


Innate Abilities, Weirdness & Mutations

You have an increased reservoir of magic. (+10% MP)
You shall have no god before yourself.
Your divine heritage dramatically boosts your attributes as you level up.


Message History

Aim: a two-headed ogre, wielding two +0 giant clubs (lightly wounded, 90% to hit)
The searing ray hits the two-headed ogre.
The two-headed ogre is lightly wounded. (Press . to maintain the ray.)
The searing ray hits the two-headed ogre.
The two-headed ogre is moderately wounded.
The searing ray hits the two-headed ogre!
The two-headed ogre is moderately wounded.
The searing ray hits the two-headed ogre.
The two-headed ogre is heavily wounded.
You finish channelling your searing ray.
The two-headed ogre misses you. The two-headed ogre closely misses you.
Casting: Searing Ray (safe; 2% risk of failure)
Confirm with . or Enter, or press ? or * to list all spells.
Casting: Dazzling Flash (dangerous; 13% risk of failure)
Press: ? - help, Dir - look around, f - activate
Casting: Dazzling Flash (dangerous; 13% risk of failure)
Confirm with . or Enter, or press ? or * to list all spells.
You don't have enough magic to cast this spell.
Magic courses through your body. The two-headed ogre closely misses you.
The two-headed ogre hits you with a +0 giant club!
Casting: Dazzling Flash (dangerous; 13% risk of failure)
Confirm with . or Enter, or press ? or * to list all spells.
Casting: Dazzling Flash (dangerous; 13% risk of failure)
Press: ? - help, Dir - look around, f - activate You miscast Dazzling Flash.
You are very lightly contaminated with residual magic.
Nothing appears to happen.
The two-headed ogre hits you with a +0 giant club!!
Ouch! That really hurt!
* * * LOW HITPOINT WARNING * * *
The two-headed ogre closely misses you.
It was a potion of ambrosia.
You are confused.
You feel invigorated.
You're too confused to move!
The two-headed ogre closely misses you. The two-headed ogre barely misses you.
The two-headed ogre hits you with a +0 giant club!!
Ouch! That really hurt!
You die...

############
#..........#
#####.########.########
#.....##......O........
#.....##.#####@###.####
#........# #.# #.#
#.....#### #.# #.#
#.....########.# #.#
###.#..........# #.#
##.############ #.#
#..# #.# #)## #####.#
#)# #.....#


You could see a two-headed ogre.

Vanquished Creatures
  Sigmund (D:3)
  An orc priest (D:5)
  Natasha (thrice) (D:3)
  4 gnolls
  3 adders
  2 dart slugs
  4 orcs (D:5)
  3 bats
  An endoplasm (D:1)
  5 hobgoblins (D:3)
  3 kobolds
  A quokka (D:1)
  4 ball pythons
  A frilled lizard (D:2)
  4 goblins
  6 rats
46 creatures vanquished.

Notes
Turn   | Place    | Note
-------+----------+-------------------------------------------
     0 | D:1      | Error4North the Demigod Conjurer began the quest for the
                  | Orb.
     0 | D:1      | Reached XP level 1. HP: 14/14 MP: 5/5
   464 | D:1      | Reached XP level 2. HP: 20/20 MP: 7/7
   467 | D:1      | Learned a level 2 spell: Searing Ray
   754 | D:2      | Reached skill level 4 in Conjurations
   955 | D:2      | Identified the +1 leather armour of the Platytaur {Will+}
  1221 | D:2      | Reached XP level 3. HP: 18/26 MP: 2/8
  1401 | D:3      | Noticed Natasha
  1406 | D:3      | Killed Natasha
  1407 | D:3      | Reached skill level 1 in Unarmed Combat
  1448 | D:3      | Noticed Sigmund
  1516 | D:3      | Reached XP level 4. HP: 33/33 MP: 3/9
  1805 | D:3      | Noticed Natasha
  1814 | D:3      | Killed Natasha
  1818 | D:3      | Learned a level 2 spell: Lesser Beckoning
  1923 | D:3      | Noticed Natasha
  1928 | D:3      | Killed Natasha
  1929 | D:3      | Reached skill level 1 in Staves
  1929 | D:3      | Reached XP level 5. HP: 34/38 MP: 4/11
  1938 | D:3      | Killed Sigmund
  1939 | D:3      | Reached skill level 1 in Fire Magic
  1939 | D:3      | Reached skill level 1 in Evocations
  1939 | D:3      | Reached XP level 6. HP: 45/46 MP: 3/12
  1943 | D:3      | Learned a level 3 spell: Dazzling Flash
  2208 | D:3      | You fall into a shaft and drop 2 floors!
  2208 | D:5      | Entered Level 5 of the Dungeon
  2435 | D:5      | Noticed a two-headed ogre
  2449 | D:5      | Mangled by a two-headed ogre

Illustrated notes

Levels and vault maps discovered:
D:1:      wander_arrival_fairy_ring, layout_loops_ring
D:2:      layout_rooms, basic_altar
D:3:      layout_loops_ring, kennysheep_generic_room_12, uniq_natasha,
          uniq_sigmund
D:5:      layout_loops_ring, chequers_garden, dreamdust_princess_bridge,
          nicolae_nh_oracle_at_delphi, uniq_edmund

Skill      XL: |  1  2  3  4  5 |
---------------+----------------+-----
Conjurations   | 4 |  4.7
Spellcasting   | 2 |  2.3
Dodging        | 2 3 |  3.1
Unarmed Combat | 1 |  1.0
Stealth        | 2 |  2.5
Staves         | 1 |  1.8
Fire Magic     | 1 |  1.2
Evocations     | 1 |  1.3
Fighting       | |  0.9

Action                     |  1- 3 |  4- 6 || total
---------------------------+-------+-------++-------
  Melee: Staff             |    49 |    59 ||   108
         Unarmed           |    17 |       ||    17
         Punch             |       |     1 ||     1
   Cast: Magic Dart        |    17 |    16 ||    33
         Searing Ray       |     6 |     5 ||    11
         Dazzling Flash    |       |     2 ||     2
    Use: Potion            |       |     2 ||     2
   Stab: Sleeping          |     2 |       ||     2
 Armour: Robe              |    47 |    33 ||    80
  Dodge: Dodged            |    58 |    54 ||   112

Table legend: (Time is in decaauts)
 A = Elapsed time spent in this place.
 B = Non-inter-level travel time spent in this place.
 C = Inter-level travel time spent in this place.
 D = Time resting spent in this place.
 E = Time spent auto-exploring this place.
 F = Levels seen in this place.
 G = Mean time per level.
                   A        B        C        D        E       F      G
               +--------+--------+--------+--------+--------+-----+--------+
         Total |   2467 |   2448 |     19 |    184 |   1569 |   4 |  616.8 |
       Dungeon |   2467 |   2448 |     19 |    184 |   1569 |   4 |  616.8 |
               +--------+--------+--------+--------+--------+-----+--------+

Top non-repeatable levels by time:
     D:3: 970 daAuts
     D:1: 743 daAuts
     D:2: 510 daAuts
     D:5: 242 daAuts
